AoeStats
← iAlejandrouae

Nomad

509304395Analyzed
4v4 RM · 6d ago on Sep 26, 2026· 58m 0s· 8 players
Game mode
Random Map
Map size
231×231
Population
200
Speed
Normal
Resources
Standard
Victory
Conquest
Starting age
Dark Age
Ending age
Imperial Age
RankedLock teamsTeams togetherTeam positionsShared explorationLock speedFull tech treeHidden civsTurbo modeCheats
Victory
Defeat
🇭🇰 Mongols · Hong Kong SAR China
1593
+16
🇨🇳 Jurchens · China
1585
+17
🇻🇳 Persians · Vietnam
1577
+17
🇯🇵 Italians · Japan
1549
+18
🇫🇷 Chinese · France
1624
-18
🇦🇷 Koreans · Argentina
1614
-18
🇳🇴 Spanish · Norway
1598
-17
🇺🇸 Lithuanians · United States
1550
-15
timembh
9:42 Loom
12:45 Feudal Age
14:12 Double-Bit Axe
16:31 Castle Age
14:49 Horse Collar
17:44 Bow Saw
19:57 Wheelbarrow
19:09 Town Watch
19:37 Heavy Plow
21:04 Scale Barding Armor
23:09 Fletching
24:35 Husbandry
25:05 Bodkin Arrow
27:51 Ballistics
28:28 Gold Mining
34:04 Imperial Age
35:25 Chemistry
35:32 Bloodlines
35:44 Forging
36:43 Conscription
37:46 Chain Barding Armor
37:03 Cavalier
39:55 Plate Barding Armor
41:26 Iron Casting
42:19 Two-Man Saw
43:39 Savar
47:39 Blast Furnace
48:53 Hand Cart
53:21 Masonry
53:07 Murder Holes
香辣鸡翅
4:56 Loom
14:14 Feudal Age
18:21 Castle Age
17:33 Double-Bit Axe
18:00 Stone Mining
29:44 Horse Collar
35:20 Fletching
39:39 Wheelbarrow
40:40 Scale Barding Armor
40:46 Forging
43:20 Chain Barding Armor
52:47 Imperial Age
50:34 Hand Cart
50:15 Gold Mining
50:53 Bloodlines
50:44 Husbandry
52:04 Bow Saw
53:16 Iron Casting
53:15 Heavy Plow
53:52 Conscription
54:49 Elite Iron Pagoda
56:38 Plate Barding Armor
58:18 Blast Furnace
58:42 Gold Shaft Mining
war-f
4:35 Loom
13:21 Feudal Age
17:12 Castle Age
16:05 Fletching
16:14 Double-Bit Axe
25:55 Imperial Age
27:42 Town Watch
29:00 Horse Collar
30:49 Bodkin Arrow
31:24 Ballistics
39:35 Chemistry
46:09 Wheelbarrow
49:15 Capped Ram
pigpig_aoe
10:52 Loom
12:58 Feudal Age
14:36 Double-Bit Axe
18:44 Castle Age
18:01 Horse Collar
18:13 Stone Mining
19:42 Medium Warships
22:28 Fletching
25:42 Bodkin Arrow
28:41 Ballistics
28:54 Padded Archer Armor
29:47 Wheelbarrow
29:46 Town Watch
30:12 Bow Saw
31:16 Heavy Plow
31:47 Gold Mining
32:32 Stone Shaft Mining
33:45 Husbandry
33:55 Bloodlines
34:43 Hand Cart
38:17 Imperial Age
36:32 Thumb Ring
37:58 Gold Shaft Mining
38:48 Elite Mangudai
39:29 Bracer
40:31 Chemistry
40:00 Conscription
41:08 Hoardings
40:51 Leather Archer Armor
41:23 Parthian Tactics
41:41 Masonry
42:25 Scale Barding Armor
44:07 Chain Barding Armor
48:18 Forging
47:30 Light Cavalry
48:20 Hussar
49:36 Iron Casting
51:18 Blast Furnace
Lastmantillidie
5:20 Loom
13:20 Feudal Age
20:32 Castle Age
19:43 Double-Bit Axe
19:39 Fishing Lines
23:19 Horse Collar
23:51 Bow Saw
25:35 Town Watch
28:08 Wheelbarrow
27:26 Stone Mining
33:14 Imperial Age
31:49 Hand Cart
32:06 Gold Mining
32:09 Fletching
32:19 Padded Archer Armor
33:02 Bodkin Arrow
33:45 Treadmill Crane
34:26 Ballistics
35:06 Chemistry
33:29 Elite Skirmisher
34:15 Thumb Ring
34:50 Conscription
35:25 Leather Archer Armor
36:58 Bracer
37:28 Ring Archer Armor
39:19 Two-Man Saw
38:49 Scale Barding Armor
41:03 Heavy Plow
41:25 Chain Barding Armor
41:09 Tower Shields
41:21 Forging
41:04 Elite Leitis
42:13 Bloodlines
42:03 Husbandry
43:34 Plate Barding Armor
44:44 Hoardings
44:56 Iron Casting
45:10 Masonry
49:55 Heavy Cavalry Archer
52:09 Architecture
52:43 Heavy Cavalry Archer
iAlejandrouae
4:05 Loom
13:47 Feudal Age
17:57 Castle Age
19:17 Fletching
20:19 Fishing Lines
21:10 Murder Holes
24:39 Double-Bit Axe
24:55 Town Watch
28:56 Horse Collar
31:50 Bow Saw
34:59 Heavy Plow
36:51 Gold Mining
37:52 Bodkin Arrow
38:38 Ballistics
40:04 Masonry
42:06 Wheelbarrow
42:55 Thumb Ring
43:54 Husbandry
47:29 Imperial Age
45:38 Treadmill Crane
46:07 Eupseong
46:33 Pikeman
47:13 Squires
47:14 Scale Mail Armor
47:25 Forging
48:32 Conscription
48:13 Bracer
49:21 Chemistry
48:07 Halberdier
50:11 Chain Mail Armor
50:32 Iron Casting
50:38 Elite War Wagon
52:24 Hand Cart
53:29 Plate Mail Armor
daMastah2
5:54 Loom
7:37 Loom
13:55 Feudal Age
18:06 Castle Age
15:58 Double-Bit Axe
16:32 Gold Mining
18:07 Wheelbarrow
17:27 Horse Collar
19:20 Bow Saw
19:50 Heavy Plow
21:06 Town Watch
24:39 Padded Archer Armor
24:44 Husbandry
24:55 Bloodlines
25:50 Bloodlines
37:25 Leather Archer Armor
53:28 Fortified Wall
53:40 Ballistics
53:11 Fletching
54:47 Masonry
54:33 Stone Mining
LePoséidon
3:06 Loom
12:17 Feudal Age
16:26 Castle Age
15:04 Fishing Lines
16:36 Double-Bit Axe
17:30 Bow Saw
18:50 Fletching
19:22 Town Watch
19:31 Town Watch
21:01 Medium Warships
22:36 Wheelbarrow
22:04 Horse Collar
26:09 Gillnets
26:54 Masonry
27:05 Stone Mining
28:13 Scale Barding Armor
29:01 Stone Shaft Mining
31:20 Bodkin Arrow
32:11 Chain Barding Armor
32:34 Bloodlines
32:36 Forging
36:31 Imperial Age
35:53 Padded Archer Armor
36:19 Ballistics
36:06 Crossbowman
36:09 Elite Skirmisher
37:16 Bracer
38:18 Chemistry
36:59 Capped Ram
37:28 Light Cavalry
38:26 Heavy Plow
39:07 Hand Cart
39:15 Thumb Ring
38:31 Arbalester
40:16 Leather Archer Armor
39:36 Arbalester
41:45 Coinage
42:03 Husbandry
42:39 Iron Casting
42:36 Ring Archer Armor
44:02 Conscription
44:20 Plate Barding Armor
43:53 Siege Ram
45:55 Blast Furnace
48:42 Rocketry
47:46 Heavy Scorpion
48:36 Scale Mail Armor
47:57 Pikeman
48:38 Squires
48:37 Halberdier
49:31 Elite Fire Lancer
51:00 Chain Mail Armor
53:24 Plate Mail Armor
54:21 Two-Man Saw
Connection lost

Rejoining the realm…

Still unreachable

The connection could not be restored.

Session expired

The server has moved on; the page needs a fresh start.